 Dungeon Crawl Stone Soup version 0.24-a0-513-g284f782df5 (webtiles) character file.

Game seed: 15376552403943883390

4006 Azzok the Destroyer (level 10, 17/63 HPs)
             Began as a Demonspawn Fire Elementalist on July 20, 2019.
             Was an Initiate of Gozag.
             Quit the game on level 9 of the Dungeon.
             The game lasted 00:15:53 (11812 turns).

Azzok the Destroyer (Demonspawn Fire Elementalist) Turns: 11812, Time: 00:15:53

Health: 17/63      AC:  5    Str:  9    XL:     10   Next: 3%
Magic:  8/25       EV: 12    Int: 19    God:    Gozag
Gold:   969        SH:  4    Dex: 14    Spells: 11/24 levels left

rFire    . . .     SeeInvis .   a - staff of conjuration
rCold    + . .     Gourm    .   (no shield)
rNeg     . . .     Faith    .   p - +0 robe
rPois    .         Spirit   .   v - +0 Maxwell's etheric cage {RegenMP+ *Contam rElec MP+4}
rElec    +         Reflect  +   y - +0 cloak
rCorr    .         Harm     .   G - +0 pair of gloves
MR       .....                  (no boots)
Stlth    ++........             h - +4 amulet of reflection
HPRegen  0.20/turn              x - ring of protection from cold MPRegen 0.69/turn*
                                (no ring)

@: gold aura, very slightly contaminated
A: talons 2, spiny 1, sturdy frame 2
a: Potion Petition, Call Merchant, Bribe Branch, Renounce Religion


You were on level 9 of the Dungeon.
You worshipped Gozag.
Gozag was pleased with you.
You were not hungry.

You visited 1 branch of the dungeon, and saw 9 of its levels.
You also visited: Sewer.

You collected 1484 gold pieces.
You spent 488 gold pieces at shops.
You paid 27 gold pieces to Gozag.

Inventory:

Hand Weapons
 b - a +1 dagger of venom
Armour
 p - a +0 robe (worn)
 v - the +0 Maxwell's etheric cage (worn) {RegenMP+ *Contam rElec MP+4}
   (You found it on level 6 of the Dungeon)

   It insulates you from electricity.
   It affects your magic capacity (+4).
   It causes magical contamination when unequipped.
 y - a +0 cloak (worn)
 G - a +0 pair of gloves (worn)
Magical Staves
 a - an uncursed staff of conjuration (weapon)
Jewellery
 h - a +4 amulet of reflection (around neck)
 x - a ring of protection from cold (left hand)
Wands
 o - a wand of random effects (36)
 B - a wand of disintegration (11)
 D - a wand of paralysis (5)
Scrolls
 k - a scroll of blinking {unknown}
 l - a scroll of enchant armour {unknown}
 m - 4 scrolls of fog {unknown}
 n - 2 scrolls of remove curse
 r - 7 scrolls of teleportation
 t - 2 scrolls of fear
 w - a scroll of enchant weapon {unknown}
 z - 6 scrolls of identify
Potions
 d - 2 potions of magic
 e - a potion of degeneration {unknown}
 f - 6 potions of heal wounds
 g - a potion of agility
 i - 3 potions of haste
 j - 4 potions of brilliance
 q - 4 potions of might
 s - 3 potions of curing
 u - a potion of cancellation
 A - a potion of lignification {unknown}
 C - a potion of berserk rage {unknown}
 E - 2 potions of flight {unknown}
 F - a potion of invisibility {unknown}
 H - a potion of ambrosia {unknown}
Comestibles
 c - 15 rations


   Skills:
 - Level 1.7 Dodging
 - Level 1.7 Stealth
 + Level 7.9 Spellcasting
 + Level 8.4 Conjurations
 + Level 8.2 Fire Magic


You had 11 spell levels left.
You knew the following spells:

 Your Spells              Type           Power        Failure   Level  Hunger
a - Flame Tongue          Conj/Fire      #####        1%          1    None
b - Conjure Flame         Conj/Fire      ######..     1%          3    None
c - Sticky Flame          Conj/Fire      ######..     3%          4    ###....
d - Fireball              Conj/Fire      ######....   9%          5    #####..

Your spell library contained the following spells:

 Spells                   Type           Power        Failure   Level  Hunger
 Throw Flame              Conj/Fire      ######       1%          2    None
 Inner Flame              Hex/Fire       ###.....     4%          3    None
 Confusing Touch          Hex            #.....       10%         1    None
 Confuse                  Hex            #.......     28%         3    None
 Gell's Gravitas          Tloc           #.........   28%         3    None
 Petrify                  Tmut/Erth      #.......     67%         4    ###....
 Metabolic Englaciation   Hex/Ice        #.........   95%         5    #####..
 Yara's Violent Unravell  Hex/Tmut       #.........   95%         5    #####..


Dungeon Overview and Level Annotations

Branches:
Dungeon (9/15)             Temple (0/1) D:4
   Lair: D:8-11         Orc: D:9-12

Altars:
Ashenzari
Cheibriados
Dithmenos
Elyvilon
Gozag
Hepliaklqana
Okawaru
Ru
Trog
Vehumet
Wu Jian
Zin

Shops:
D:5 *:

Annotations:
D:5 1 runed translucent door, pk666's ghost, amateur DEWz
D:6 3 runed translucent doors, Protee's ghost, novice GnSk


Innate Abilities, Weirdness & Mutations

You have razor-sharp toenails.
You are partially covered in sharp spines.
Your movements are less encumbered by armour. (ER -4)


Message History

The yak is no longer distracted by gold.
Casting: Flame Tongue (safe; 1% risk of failure)
Confirm with . or Enter, or press ? or * to list all spells.
Aiming: Sticky Flame (safe; 3% risk of failure)
Press: ? - help, Shift-Dir - straight line, f/p - yak
Aim: a yak (severely wounded)
You feel a surge of power!
The sticky flame hits the yak but does no damage.
The yak is severely wounded.
The yak is covered in liquid flames!
* * * LOW MAGIC WARNING * * *
The yak burns!
The yak gores you!
* * * LOW HITPOINT WARNING * * *
The yak burns!
You kill the yak!
You have reached level 10!
Your demonic ancestry asserts itself...
Sharp spines emerge from parts of your body.
The yak becomes distracted by the nearby gold, dreaming of imaginary riches. x2
Are you sure you want to abandon this character and quit the game? (Confirm with "yes".)

(··▒ ·····▒▒▒▒▒▒·▒ ···▒
···············▒ ···▒ $
·············▒ ···▒
▒············▒
···▒▒▒▒▒············▒
·················▒▒▒▒▒▒▒▒
···········▒▒╬▒▒·········
··$········▒▒·▒▒·····▒▒▒▒·
Y·$$······YY·Y$'@·<·····>·
··▒······Y$▒▒▒▒▒·<···▒▒▒▒▒
··▒········▒ ▒▒···▒▒
··▒········▒ ▒▒▒▒▒
▒·▒········▒ ▒·▒········▒
····▒▒▒▒▒▒▒▒ ·$··▒ $


You could see 4 yaks.

Vanquished Creatures
  Grinder (D:6)
  Prince Ribbit (D:6)
  A spriggan (D:7)
  6 yaks
  2 ice beasts
  An orc warrior (D:7)
  A sky beast (D:8)
  2 ogres
  A big kobold (D:7)
  2 bullfrogs
  A scorpion (D:8)
  6 wights
  5 killer bees (D:7)
  4 howler monkeys
  5 crimson imps
  3 orc priests
  5 hounds
  A centaur skeleton (D:8)
  6 orc wizards
  Crazy Yiuf (D:6)
  A bullfrog skeleton (D:4)
  3 iguanas
  5 worker ants
  A killer bee zombie (D:8)
  A hound skeleton (D:4)
  A mummy (D:6)
  4 gnolls (D:3)
  12 adders
  A river rat (D:4)
  A shadow imp (D:7)
  2 oozes (D:3)
  A worm (D:3)
  7 leopard geckos
  26 orcs
  6 bats
  9 giant cockroaches
  6 goblins
  11 hobgoblins
  8 jackals (Sewer)
  3 quokkas
  5 ball pythons
  10 frilled lizards
  18 kobolds
  6 rats
203 creatures vanquished.

Vanquished Creatures (others)
  Menkaure (D:7)
  A plant (Sewer)
2 creatures vanquished.

Grand Total: 205 creatures vanquished

Notes
Turn   | Place    | Note
-------+----------+-------------------------------------------
     0 | D:1      | Azzok the Demonspawn Fire Elementalist began the quest for
                  | the Orb.
     0 | D:1      | Reached XP level 1. HP: 13/13 MP: 3/3
   321 | D:1      | Gained mutation: You have sharp toenails. [demonic
                  | ancestry]
   321 | D:1      | Reached XP level 2. HP: 19/19 MP: 5/5
  1206 | D:2      | Found an opulent altar of Gozag.
  1388 | D:2      | Became a worshipper of Gozag Ym Sagoz the Greedy
  1419 | D:2      | Reached XP level 3. HP: 21/24 MP: 6/6
  2569 | D:2      | Learned a level 3 spell: Conjure Flame
  2650 | D:3      | Reached XP level 4. HP: 6/30 MP: 8/8
  3361 | D:3      | Found an ornate altar of the Wu Jian Council.
  3606 | D:3      | Reached XP level 5. HP: 31/35 MP: 9/9
  3704 | D:3      | Learned a level 4 spell: Sticky Flame
  4438 | D:4      | Found a glowing drain.
  4507 | D:4      | Reached XP level 6. HP: 25/41 MP: 11/11
  4538 | Sewer    | Entered a sewer
  5811 | D:4      | Found a staircase to the Ecumenical Temple.
  6267 | D:4      | Gained mutation: You have razor-sharp toenails. [demonic
                  | ancestry]
  6267 | D:4      | Reached XP level 7. HP: 32/46 MP: 10/13
  6631 | D:5      | Entered Level 5 of the Dungeon
  6631 | D:5      | Found Pekkadgho's Assorted Antiques.
  6635 | D:5      | Bought a scroll of identify for 48 gold pieces
  6972 | D:5      | Reached skill level 5 in Fire Magic
  7381 | D:5      | Found Osazir's Food Boutique.
  7432 | D:5      | Bought a ration for 55 gold pieces
  7432 | D:5      | Bought a ration for 55 gold pieces
  7432 | D:5      | Bought a ration for 55 gold pieces
  7432 | D:5      | Bought a ration for 55 gold pieces
  7432 | D:5      | Bought a ration for 55 gold pieces
  7432 | D:5      | Bought a ration for 55 gold pieces
  7432 | D:5      | Bought a ration for 55 gold pieces
  7432 | D:5      | Bought a ration for 55 gold pieces
  7486 | D:5      | Found Epoug's Book Emporium.
  7802 | D:5      | Found a runed translucent door.
  7857 | D:5      | Noticed pk666's ghost (amateur DEWz)
  7997 | D:6      | Noticed Prince Ribbit
  8003 | D:6      | Killed Prince Ribbit
  8003 | D:6      | Reached skill level 5 in Spellcasting
  8003 | D:6      | Reached skill level 5 in Conjurations
  8003 | D:6      | Gained mutation: Your movements are slightly less
                  | encumbered by armour. (ER -2) [demonic ancestry]
  8003 | D:6      | Reached XP level 8. HP: 52/52 MP: 10/15
  8275 | D:6      | Found the +0 Maxwell's etheric cage {RegenMP+ *Contam rElec
                  | MP+4}
  8311 | D:6      | Noticed Grinder
  8314 | D:6      | Found a runed translucent gate.
  8314 | D:6      | Found a runed translucent gate.
  8314 | D:6      | Found a runed translucent gate.
  8319 | D:6      | Noticed Protee's ghost (novice GnSk)
  8320 | D:6      | Killed Grinder
  8625 | D:6      | Found a bloodstained altar of Trog.
  8951 | D:6      | Found a snail-covered altar of Cheibriados.
  9080 | D:6      | Found a runed translucent door.
  9081 | D:6      | Noticed Crazy Yiuf
  9167 | D:6      | Found a white marble altar of Elyvilon.
  9263 | D:6      | Killed Crazy Yiuf
  9435 | D:7      | Killed Menkaure
  9874 | D:7      | Found a glowing silver altar of Zin.
  9874 | D:7      | Found a shattered altar of Ashenzari.
  9876 | D:7      | Found a hazy altar of Hepliaklqana.
  9876 | D:7      | Found an iron altar of Okawaru.
  9886 | D:7      | Learned a level 5 spell: Fireball
  9940 | D:7      | Gained mutation: Your movements are less encumbered by
                  | armour. (ER -4) [demonic ancestry]
  9940 | D:7      | Reached XP level 9. HP: 46/57 MP: 17/18
 10047 | D:7      | Found a sacrificial altar of Ru.
 10316 | D:7      | Found a shadowy altar of Dithmenos.
 10333 | D:7      | Found a radiant altar of Vehumet.
 11811 | D:9      | Gained mutation: You are partially covered in sharp spines.
                  | [demonic ancestry]
 11811 | D:9      | Reached XP level 10. HP: 17/63 MP: 8/21
 11812 | D:9      | Quit the game

Levels and vault maps discovered:
D:1:      dpeg_arrival_round_c, layout_basic
D:2:      layout_loops_cross, hex_large, nicolae_gozag_seed_capital
D:3:      layout_basic, nicolae_overflow_crystal_walls, serial_bayou_lagoon_a,
          minmay_quadrilaterals
D:4:      layout_basic, minmay_temple_entry_drinking_statues,
          portal_sewer_entry_a, first_ration
D:5:      layout_loops_corners, ebering_ghost_sewer_d, serial_shops,
          shop_fountains, shop, shop, minmay_misc_feat_alley
D:6:      layout_cave_pools, slow_altar_2, serial_park, serial_park_gazebo
          [serial_park_minivault_5x5_3], gammafunk_ghost_split,
          trog_hazing_becter, uniq_prince_ribbit1, uniq_grinder,
          uniq_crazy_yiuf_cottage
D:7:      layout_rooms, fiery_altar_vehumet, lemuel_doored_altar,
          kennysheep_little_box, grunt_temple_overflow_open, the_bakery,
          kennysheep_boxes, uniq_menkaure
D:8:      layout_loops_cross
D:9:      layout_basic, lemuel_coloured_pillars_altar, orc_david_3

Skill      XL: |  1  2  3  4  5  6  7  8  9 |
---------------+----------------------------+-----
Fire Magic     | 3 4 5 6 8 |  8.2
Conjurations   | 2 3 4 5 6 8 |  8.4
Spellcasting   | 3 4 5 6 7 |  7.9
Dodging        | |  1.7
Stealth        | |  1.7

Action                   |  1- 3 |  4- 6 |  7- 9 | 10-12 || total
-------------------------+-------+-------+-------+-------++-------
Melee: Dagger            |   104 |   165 |    81 |       ||   350
       Kick              |    13 |    37 |    15 |       ||    65
       Staff             |       |       |     1 |       ||     1
 Cast: Flame Tongue      |       |    53 |   215 |       ||   268
       Sticky Flame      |       |     1 |    26 |       ||    27
       Conjure Flame     |       |       |     2 |       ||     2
       Fireball          |       |       |     8 |       ||     8
  Use: Scroll            |     4 |       |     7 |       ||    11
 Stab: Sleeping          |     6 |     2 |     1 |       ||     9
  Eat: Ration            |     2 |     3 |     7 |       ||    12
Armor: Robe              |    10 |    27 |    23 |       ||    60
Dodge: Dodged            |    60 |   103 |    78 |       ||   241
Block: Other             |       |    32 |    31 |       ||    63
       Reflection        |       |     2 |     2 |       ||     4

Table legend:
 A = Non-vault XP
 B = Vault XP
 C = Vault XP percentage of total XP
 D = Non-vault monster count
 E = Vault monster count
 F = Vault count percentage of total count
                 A         B        C        D         E       F
            +---------+---------+-------+---------+---------+-------
      Total |    4790 |     933 |  16.3 |     158 |      45 |  22.2
            +---------+---------+-------+---------+---------+-------
        D:1 |      32 |       0 |   0.0 |      20 |       0 |   0.0
        D:2 |      47 |       0 |   0.0 |      15 |       0 |   0.0
        D:3 |     217 |      20 |   8.4 |      26 |       4 |  13.3
        D:4 |     438 |      19 |   4.2 |      13 |       4 |  23.5
        D:5 |     430 |       0 |   0.0 |      22 |       0 |   0.0
        D:6 |     363 |     612 |  62.8 |       9 |      10 |  52.6
        D:7 |    1066 |     215 |  16.8 |      27 |       1 |   3.6
        D:8 |    1114 |       0 |   0.0 |      17 |       0 |   0.0
        D:9 |    1083 |       6 |   0.6 |       9 |       2 |  18.2
      Sewer |       0 |      61 | 100.0 |       0 |      24 | 100.0
            +---------+---------+-------+---------+---------+-------
